[Event "2nd Edmonton International"]
[Site "Edmonton"]
[Date "2007.08.02"]
[Round "1"]
[White "Aveskulov, Valeriy"]
[Black "Reeve, Jeff"]
[Result "1-0"]
[ECO "B20"]
[WhiteElo "2539"]
[BlackElo "2205"]
[PlyCount "141"]
[EventDate "2007.08.02"]
[EventType "tourn"]
[EventRounds "9"]
[EventCountry "CAN"]
[TimeControl "6600+30"]

1. e4 c5 2. Ne2 d6 3. g3 Nc6 4. Bg2 g6 5. O-O Bg7 6. c3 e5 7. Na3 Nge7 8. Nc2
d5 9. d3 O-O 10. Bg5 Be6 11. Qc1 Qd7 12. b3 f6 13. Be3 d4 14. cxd4 cxd4 15. Bd2
Rfc8 16. Qb2 b5 17. b4 Rc7 18. Rfb1 Rac8 19. Ne1 Nd8 20. Nc1 Nb7 21. Nb3 Bf8
22. a3 a6 23. Rc1 Rxc1 24. Nxc1 Rc7 25. f4 Nc8 26. fxe5 fxe5 27. Nf3 Bd6 28.
Ng5 Nb6 29. Nxe6 Qxe6 30. Qa2 Qxa2 31. Rxa2 Na4 32. Kf1 a5 33. Nb3 Nc3 34. Ra1
axb4 35. axb4 Bxb4 36. Bh3 Kf7 37. Ra6 Bd6 38. Ke1 Na4 39. Na5 Nac5 40. Nxb7
Nxb7 41. Bg4 b4 42. Bd1 Be7 43. Bb3+ Kg7 44. Ra7 Bc5 45. Ra8 Bf8 46. Ra7 Bc5
47. Ra8 Bf8 48. Ke2 h6 49. Bd5 Bc5 50. Rg8+ Kh7 51. Re8 Be7 52. Rb8 Nd8 53. h4
g5 54. h5 Kg7 55. Bxb4 Bxb4 56. Rxb4 Nf7 57. Kf3 Nd6 58. Rb6 Rd7 59. Rb8 Re7
60. Kg4 Ne8 61. Kf5 Nd6+ 62. Kg4 Ne8 63. Rb6 Nf6+ 64. Kf5 Nd7 65. Rg6+ Kh7 66.
Bg8+ Kh8 67. Be6 Nc5 68. Rxh6+ Kg7 69. Rg6+ Kh7 70. Bg8+ Kh8 71. Bc4 1-0

[Event "2nd Edmonton International"]
[Site "Edmonton"]
[Date "2007.08.02"]
[Round "1"]
[White "Bachmann, Axel"]
[Black "Li, Zhichao"]
[Result "1-0"]
[ECO "B01"]
[WhiteElo "2466"]
[BlackElo "2143"]
[PlyCount "89"]
[EventDate "2007.08.02"]
[EventType "tourn"]
[EventRounds "9"]
[EventCountry "CAN"]
[TimeControl "6600+30"]

1. e4 d5 2. exd5 Qxd5 3. Nc3 Qa5 4. Bc4 Nf6 5. d4 c6 6. Nf3 Bf5 7. O-O e6 8.
Re1 Bb4 9. Bd2 O-O 10. Bb3 Nbd7 11. a3 Bxc3 12. Bxc3 Qc7 13. h3 Rfe8 14. Ne5
Ne4 15. Nxd7 Qxd7 16. Qf3 Nxc3 17. bxc3 Qc7 18. Re5 Kh8 19. Rae1 Bg6 20. g4 Qe7
21. a4 Qa3 22. h4 f6 23. R5e2 Re7 24. Bxe6 Rae8 25. Bb3 Rxe2 26. Rxe2 Re7 27.
g5 Rxe2 28. Qxe2 fxg5 29. Qe6 Qf8 30. hxg5 Qe8 31. Qe5 h5 32. f4 Qd7 33. Be6
Qe7 34. Kh2 Bxc2 35. Qb8+ Kh7 36. Qc8 Kg6 37. c4 Bxa4 38. Kg3 c5 39. d5 Qd6 40.
Qg8 h4+ 41. Kf3 Bd1+ 42. Ke4 Bc2+ 43. Ke3 Qe7 44. d6 Qxd6 45. Qf7+ 1-0

[Event "2nd Edmonton International"]
[Site "Edmonton"]
[Date "2007.08.02"]
[Round "1"]
[White "Haessel, Dale"]
[Black "Donaldson, John"]
[Result "1/2-1/2"]
[ECO "A64"]
[WhiteElo "2136"]
[BlackElo "2413"]
[PlyCount "119"]
[EventDate "2007.08.02"]
[EventType "tourn"]
[EventRounds "9"]
[EventCountry "CAN"]
[TimeControl "6600+30"]

1. d4 c5 2. d5 Nf6 3. c4 d6 4. Nc3 g6 5. Nf3 Bg7 6. g3 O-O 7. Bg2 a6 8. a4 e6
9. O-O exd5 10. cxd5 Re8 11. Nd2 Nbd7 12. h3 Rb8 13. Nc4 Nb6 14. Na3 Bd7 15. a5
Nc8 16. Nc4 Bb5 17. Qb3 Bxc4 18. Qxc4 Nd7 19. Ra3 Na7 20. e4 Ne5 21. Qe2 c4 22.
Be3 Nb5 23. Nxb5 axb5 24. b3 Qd7 25. bxc4 bxc4 26. Rb1 Rbc8 27. Bd2 Rc5 28. Bc3
Nd3 29. Qc2 Bxc3 30. Qxc3 Rb5 31. Raa1 Rc5 32. Rb6 Rc7 33. a6 Nc5 34. axb7 Nxb7
35. Rb4 Rec8 36. f4 Nc5 37. Qxc4 Ra7 38. Rxa7 Qxa7 39. Qd4 Qa3 40. Kh2 Nb3 41.
Qb6 Nd2 42. Qxd6 Nf3+ 43. Bxf3 Qxf3 44. Rb2 Qxe4 45. Qe5 Re8 46. Qxe4 Rxe4 47.
Rb8+ Kg7 48. Kg2 Rd4 49. Rd8 Kf6 50. Rd7 h5 51. Kf3 Rd3+ 52. Kf2 h4 53. g4 Rxh3
54. g5+ Kg7 55. d6 Rd3 56. Rd8 Rd2+ 57. Kg1 h3 58. Kh1 h2 59. d7 Kh7 60. Re8
1/2-1/2

[Event "2nd Edmonton International"]
[Site "Edmonton"]
[Date "2007.08.02"]
[Round "1"]
[White "Huber, Greg"]
[Black "Yanayt, Eugene"]
[Result "1/2-1/2"]
[ECO "B26"]
[WhiteElo "2211"]
[BlackElo "2335"]
[PlyCount "112"]
[EventDate "2007.08.02"]
[EventType "tourn"]
[EventRounds "9"]
[EventCountry "CAN"]
[TimeControl "6600+30"]

1. e4 c5 2. Nc3 g6 3. g3 Bg7 4. Bg2 Nc6 5. d3 Rb8 6. Be3 b5 7. Qd2 b4 8. Nd1
Qb6 9. f4 d6 10. Nf3 Nh6 11. h3 f5 12. O-O O-O 13. e5 d5 14. d4 c4 15. Nh2 e6
16. g4 a5 17. g5 Nf7 18. h4 Ba6 19. c3 Rb7 20. h5 Rfb8 21. Nf3 a4 22. Nh4 Nh8
23. Bf3 bxc3 24. Nxc3 Qa5 25. Rab1 Nb4 26. h6 Bf8 27. a3 Nd3 28. Nxd5 Qxd2 29.
Nf6+ Kf7 30. Bxd2 Rxb2 31. Rxb2 Rxb2 32. Be3 Bxa3 33. Ra1 Rb3 34. Bd1 Bb5 35.
Nf3 Bb2 36. Ra2 a3 37. Nd2 Nc1 38. Bxb3 cxb3 39. Rxb2 axb2 40. d5 exd5 41. Nxd5
Bd3 42. Nc3 Ke6 43. Na4 b1=Q 44. Nxb1 Bxb1 45. Bxc1 Bc2 46. Nc5+ Kd5 47. e6
Kxc5 48. e7 b2 49. Bxb2 Ba4 50. Bxh8 Kd6 51. Bf6 Ke6 52. Kf2 Kf7 53. Ke3 Bb5
54. Kd4 Ba4 55. Ke5 Bb5 56. Kd6 Ba4 1/2-1/2

[Event "2nd Edmonton International"]
[Site "Edmonton"]
[Date "2007.08.02"]
[Round "1"]
[White "Kraai, Jesse"]
[Black "Khachiyan, Melikset"]
[Result "0-1"]
[ECO "A35"]
[WhiteElo "2525"]
[BlackElo "2490"]
[PlyCount "74"]
[EventDate "2007.08.02"]
[EventType "tourn"]
[EventRounds "9"]
[EventCountry "CAN"]
[TimeControl "6600+30"]

1. Nf3 c5 2. c4 Nc6 3. Nc3 Nd4 4. e3 Nxf3+ 5. Qxf3 g6 6. g3 Bg7 7. Bg2 d6 8.
O-O Nh6 9. d4 cxd4 10. exd4 Nf5 11. d5 O-O 12. Qd3 a6 13. Bd2 b5 14. Rac1 bxc4
15. Qxc4 Bd7 16. Rfe1 Nd4 17. Bg5 Re8 18. Qd3 Nb5 19. Nxb5 axb5 20. Qb3 Qa5 21.
a3 h6 22. Rxe7 Rxe7 23. Bxe7 Be5 24. Rd1 Re8 25. f4 Bg7 26. Bh4 Bg4 27. Rf1 Be2
28. Rb1 Qd2 29. Qb4 Qe3+ 30. Kh1 g5 31. fxg5 hxg5 32. Bxg5 Qxg5 33. Qxd6 Bd3
34. Rd1 Qg4 35. Rg1 Bd4 36. h3 Qe2 37. Rf1 Be4 0-1

[Event "2nd Edmonton International"]
[Site "Edmonton"]
[Date "2007.08.03"]
[Round "2"]
[White "Donaldson, John"]
[Black "Kraai, Jesse"]
[Result "1/2-1/2"]
[ECO "A40"]
[WhiteElo "2413"]
[BlackElo "2525"]
[PlyCount "33"]
[EventDate "2007.08.02"]
[EventType "tourn"]
[EventRounds "9"]
[EventCountry "CAN"]
[TimeControl "6600+30"]

1. c4 b6 2. Nf3 Bb7 3. g3 Bxf3 4. exf3 e6 5. d4 d5 6. Nc3 dxc4 7. Bxc4 c6 8. d5
exd5 9. Nxd5 Ne7 10. Nf6+ gxf6 11. Bxf7+ Kxf7 12. Qxd8 Nd5 13. O-O Bg7 14. Qd6
Bf8 15. Qd8 Bg7 16. Qd6 Bf8 17. Qd8 1/2-1/2

[Event "2nd Edmonton International"]
[Site "Edmonton"]
[Date "2007.08.03"]
[Round "2"]
[White "Huber, Greg"]
[Black "Aveskulov, Valeriy"]
[Result "1-0"]
[ECO "B40"]
[WhiteElo "2211"]
[BlackElo "2539"]
[PlyCount "67"]
[EventDate "2007.08.02"]
[EventType "tourn"]
[EventRounds "9"]
[EventCountry "CAN"]
[TimeControl "6600+30"]

1. e4 c5 2. Nc3 a6 3. g3 b5 4. Bg2 Bb7 5. d3 e6 6. Nf3 d6 7. O-O Be7 8. b3 Nf6
9. Bb2 Nbd7 10. Nd2 Qb6 11. h3 h5 12. a4 Rb8 13. axb5 axb5 14. Ne2 e5 15. c3 h4
16. d4 cxd4 17. cxd4 hxg3 18. Nxg3 g6 19. Re1 Nh5 20. Nxh5 Rxh5 21. Nf1 Bf6 22.
d5 Bh4 23. Re2 f5 24. exf5 Nf6 25. Bd4 Qc7 26. f4 Kf8 27. fxe5 Nxd5 28. exd6
Qf7 29. Qd2 Bg5 30. fxg6 Qd7 31. Rf2+ Kg8 32. Qe2 Rh4 33. Qe5 Nf4 34. Rxf4 1-0

[Event "2nd Edmonton International"]
[Site "Edmonton"]
[Date "2007.08.03"]
[Round "2"]
[White "Li, Zhichao"]
[Black "Haessel, Dale"]
[Result "1/2-1/2"]
[ECO "D85"]
[WhiteElo "2143"]
[BlackElo "2136"]
[PlyCount "106"]
[EventDate "2007.08.02"]
[EventType "tourn"]
[EventRounds "9"]
[EventCountry "CAN"]
[TimeControl "6600+30"]

1. d4 Nf6 2. c4 g6 3. Nc3 d5 4. cxd5 Nxd5 5. e4 Nxc3 6. bxc3 Bg7 7. Be3 c5 8.
Nf3 Qa5 9. Qd2 O-O 10. Rc1 Rd8 11. d5 e6 12. c4 Qxd2+ 13. Nxd2 b6 14. Be2 Na6
15. f4 f5 16. e5 Bb7 17. Kf2 Nb4 18. a3 exd5 19. axb4 d4 20. b5 dxe3+ 21. Kxe3
Rd4 22. Rhd1 Bh6 23. g3 g5 24. Nf3 gxf4+ 25. Kf2 fxg3+ 26. hxg3 Bxc1 27. Nxd4
cxd4 28. Rxc1 Kf7 29. Rd1 Rd8 30. Ra1 Ra8 31. Rd1 Ke6 32. Rxd4 Rc8 33. Ke3 Kxe5
34. Rd7 Rb8 35. Rxh7 a6 36. Rh6 Bc8 37. Rh8 axb5 38. cxb5 Ra8 39. Re8+ Kf6 40.
Bd3 Kf7 41. Rh8 Kf6 42. Rh6+ Ke5 43. Rxb6 Ra3 44. Rc6 Bd7 45. Rc1 Rb3 46. Kd2
Rb2+ 47. Kc3 Rg2 48. Rb1 Rxg3 49. b6 Rg8 50. Kb4 Rb8 51. Ka5 Bc6 52. Rc1 Be4
53. Bxe4 fxe4 1/2-1/2

[Event "2nd Edmonton International"]
[Site "Edmonton"]
[Date "2007.08.03"]
[Round "2"]
[White "Yanayt, Eugene"]
[Black "Khachiyan, Melikset"]
[Result "1/2-1/2"]
[ECO "D19"]
[WhiteElo "2335"]
[BlackElo "2490"]
[PlyCount "26"]
[EventDate "2007.08.02"]
[EventType "tourn"]
[EventRounds "9"]
[EventCountry "CAN"]
[TimeControl "6600+30"]

1. d4 d5 2. c4 c6 3. Nf3 Nf6 4. Nc3 dxc4 5. a4 Bf5 6. e3 e6 7. Bxc4 Bb4 8. O-O
O-O 9. Qe2 Nbd7 10. Rd1 Bg6 11. Bd3 Qa5 12. Bd2 Bxd3 13. Qxd3 Rad8 1/2-1/2

[Event "2nd Edmonton International"]
[Site "Edmonton"]
[Date "2007.08.03"]
[Round "3"]
[White "Aveskulov, Valeriy"]
[Black "Yanayt, Eugene"]
[Result "1-0"]
[ECO "B92"]
[WhiteElo "2539"]
[BlackElo "2335"]
[PlyCount "63"]
[EventDate "2007.08.02"]
[EventType "tourn"]
[EventRounds "9"]
[EventCountry "CAN"]
[TimeControl "6600+30"]

1. e4 c5 2. Nf3 d6 3. d4 cxd4 4. Nxd4 Nf6 5. Nc3 a6 6. Be2 e5 7. Nb3 Be7 8. O-O
O-O 9. Qd3 Be6 10. f4 b5 11. Nd5 Bxd5 12. exd5 Nbd7 13. a4 Qc7 14. Be3 Nb6 15.
fxe5 Nfxd5 16. e6 Nxe3 17. exf7+ Kh8 18. Qxe3 Nc4 19. Qd4 Bg5 20. Qd5 Qa7+ 21.
Kh1 Ne3 22. Qxg5 Nxf1 23. Rxf1 Rxf7 24. Rxf7 Qxf7 25. axb5 Qf2 26. Qd2 axb5 27.
h3 Re8 28. Nd4 h5 29. Qg5 Re5 30. Qd8+ Kh7 31. Bd3+ g6 32. Nf3 1-0

[Event "2nd Edmonton International"]
[Site "Edmonton"]
[Date "2007.08.03"]
[Round "3"]
[White "Bachmann, Axel"]
[Black "Huber, Greg"]
[Result "1-0"]
[ECO "B82"]
[WhiteElo "2466"]
[BlackElo "2211"]
[PlyCount "85"]
[EventDate "2007.08.02"]
[EventType "tourn"]
[EventRounds "9"]
[EventCountry "CAN"]
[TimeControl "6600+30"]

1. e4 c5 2. Nc3 e6 3. Nf3 a6 4. d4 cxd4 5. Nxd4 d6 6. Bd3 Be7 7. O-O Nf6 8. f4
Qc7 9. Kh1 O-O 10. Qe2 Nbd7 11. Bd2 g6 12. Nf3 b5 13. e5 Nh5 14. a4 bxa4 15.
Ne4 dxe5 16. fxe5 Nxe5 17. Nxe5 Qxe5 18. Bc3 Qc7 19. Rxa4 f5 20. Rc4 Qd7 21.
Nc5 Qd5 22. b4 Bf6 23. Bxf6 Nxf6 24. c3 a5 25. Rd4 Qc6 26. Bc4 axb4 27. cxb4
Ra7 28. Qe5 Qb6 29. Rb1 Kg7 30. Rd6 Qb8 31. Qd4 Re7 32. Bxe6 Rfe8 33. Re1 Qb5
34. h3 h5 35. Kh2 Qb8 36. Bxc8 Qxd6+ 37. Qxd6 Rxe1 38. Be6 h4 39. b5 Nh5 40.
Qd4+ Kh7 41. Qxh4 Rc1 42. Bxf5 Kh6 43. Ne6 1-0

[Event "2nd Edmonton International"]
[Site "Edmonton"]
[Date "2007.08.03"]
[Round "3"]
[White "Haessel, Dale"]
[Black "Reeve, Jeff"]
[Result "0-1"]
[ECO "E11"]
[WhiteElo "2136"]
[BlackElo "2205"]
[PlyCount "78"]
[EventDate "2007.08.02"]
[EventType "tourn"]
[EventRounds "9"]
[EventCountry "CAN"]
[TimeControl "6600+30"]

1. d4 Nf6 2. c4 e6 3. g3 Bb4+ 4. Bd2 a5 5. Bg2 O-O 6. Nf3 Qe7 7. O-O Bxd2 8.
Qxd2 d6 9. Nc3 e5 10. Rfd1 Nc6 11. dxe5 Nxe5 12. Nd5 Nxd5 13. cxd5 Nxf3+ 14.
Bxf3 Bf5 15. Rac1 Rfc8 16. Qf4 Bd7 17. Rc3 Ra6 18. Rd4 b5 19. Qc1 Ra7 20. Qe3
Qxe3 21. Rxe3 Kf8 22. h4 Re8 23. Rc3 Ke7 24. Kf1 b4 25. Re3+ Kd8 26. Rxe8+ Bxe8
27. e3 Rb7 28. Ke1 Rb5 29. Kd2 f5 30. e4 g6 31. Be2 Rc5 32. Bd3 fxe4 33. Bxe4
Ke7 34. Bg2 Bd7 35. Re4+ Kd8 36. Re3 Bf5 37. Ke1 Rc1+ 38. Kd2 Rc2+ 39. Ke1 Rxb2
0-1

[Event "2nd Edmonton International"]
[Site "Edmonton"]
[Date "2007.08.03"]
[Round "3"]
[White "Khachiyan, Melikset"]
[Black "Donaldson, John"]
[Result "1/2-1/2"]
[ECO "B70"]
[WhiteElo "2490"]
[BlackElo "2413"]
[PlyCount "27"]
[EventDate "2007.08.02"]
[EventType "tourn"]
[EventRounds "9"]
[EventCountry "CAN"]
[TimeControl "6600+30"]

1. e4 c5 2. Nf3 Nc6 3. d4 cxd4 4. Nxd4 g6 5. Nc3 Bg7 6. Nb3 Nf6 7. Be2 O-O 8.
O-O d6 9. Bg5 a5 10. a4 Be6 11. f4 Rc8 12. f5 Bxb3 13. cxb3 Nb4 14. Bc4 1/2-1/2

[Event "2nd Edmonton International"]
[Site "Edmonton"]
[Date "2007.08.03"]
[Round "3"]
[White "Kraai, Jesse"]
[Black "Li, Zhichao"]
[Result "1/2-1/2"]
[ECO "D13"]
[WhiteElo "2525"]
[BlackElo "2143"]
[PlyCount "128"]
[EventDate "2007.08.02"]
[EventType "tourn"]
[EventRounds "9"]
[EventCountry "CAN"]
[TimeControl "6600+30"]

1. Nf3 d5 2. d4 c6 3. c4 Nf6 4. cxd5 cxd5 5. Nc3 Nc6 6. Bf4 a6 7. Rc1 e6 8. e3
Bd6 9. Bxd6 Qxd6 10. Be2 O-O 11. O-O Bd7 12. Na4 Na7 13. Nc5 Rab8 14. Qb3 Bb5
15. Bxb5 Nxb5 16. Rc2 Qe7 17. Rfc1 Nd6 18. Ne5 Rbc8 19. Qb6 Rc7 20. Ncd3 Rxc2
21. Rxc2 Nfe8 22. Nc5 f6 23. Ned3 g5 24. h3 Rf7 25. Rc1 h6 26. b3 Kh7 27. Qb4
Ng7 28. Qd2 Qe8 29. Na4 Re7 30. Qc2 Qg6 31. Qd2 Nge8 32. Ndc5 Kg8 33. Nb6 Qf7
34. f3 Rc7 35. a4 Nc8 36. Na8 Rc6 37. Nxa6 Qd7 38. Nc5 Qe7 39. a5 Ned6 40. Qd3
Qh7 41. Qxh7+ Kxh7 42. Ra1 e5 43. b4 exd4 44. exd4 Nb5 45. Nxb7 Ra6 46. Rc1
Rxa8 47. Rc5 Nxd4 48. Rxd5 Nc6 49. Rb5 Ra6 50. Rc5 N6e7 51. b5 Re6 52. Kf2 Kg6
53. Rc7 Re5 54. Nc5 Nd6 55. b6 Nd5 56. b7 Nxb7 57. Rxb7 Nf4 58. Nb3 Re2+ 59.
Kf1 Rxg2 60. a6 Ra2 61. a7 Kh5 62. Nd4 Kh4 63. Nc6 Nd3 64. Rb8 Kg3 1/2-1/2

[Event "2nd Edmonton International"]
[Site "Edmonton"]
[Date "2007.08.04"]
[Round "4"]
[White "Aveskulov, Valeriy"]
[Black "Bachmann, Axel"]
[Result "1-0"]
[ECO "B09"]
[WhiteElo "2539"]
[BlackElo "2466"]
[PlyCount "57"]
[EventDate "2007.08.02"]
[EventType "tourn"]
[EventRounds "9"]
[EventCountry "CAN"]
[TimeControl "6600+30"]

1. e4 g6 2. d4 Bg7 3. Nc3 d6 4. f4 Nf6 5. Nf3 O-O 6. Bd3 Nc6 7. e5 Nd7 8. Ne4
Nb6 9. c3 Bf5 10. O-O e6 11. Qe2 d5 12. Nc5 Bxd3 13. Qxd3 Rb8 14. Ng5 Qe8 15.
Qh3 h6 16. Nf3 h5 17. Ng5 Bh6 18. Nf3 Bg7 19. b3 Qd8 20. Nxe6 fxe6 21. Qxe6+
Kh8 22. Qxg6 Qe8 23. Qg5 Qe6 24. Nh4 Qh6 25. Qg3 Qh7 26. f5 Bh6 27. Ng6+ Kg8
28. Nxf8+ Kxf8 29. Qg6 1-0

[Event "2nd Edmonton International"]
[Site "Edmonton"]
[Date "2007.08.04"]
[Round "4"]
[White "Huber, Greg"]
[Black "Haessel, Dale"]
[Result "1/2-1/2"]
[ECO "C29"]
[WhiteElo "2136"]
[BlackElo "2211"]
[PlyCount "137"]
[EventDate "2007.08.02"]
[EventType "tourn"]
[EventRounds "9"]
[EventCountry "CAN"]
[TimeControl "6600+30"]

1. e4 e5 2. Nc3 Nf6 3. f4 d5 4. fxe5 Nxe4 5. d3 Nxc3 6. bxc3 Nc6 7. Nf3 d4 8.
Be2 Bc5 9. O-O dxc3+ 10. Kh1 O-O 11. Qe1 Nd4 12. Bd1 Re8 13. Qg3 Qd5 14. Nxd4
Bxd4 15. Bf3 Qc5 16. Bf4 Be6 17. a4 Bd5 18. Rab1 a6 19. Rxb7 Bxb7 20. Bxb7 Rab8
21. Qf3 Bxe5 22. Bxa6 Bxf4 23. Qxf4 f6 24. d4 Qd6 25. Bc4+ Kh8 26. Qh4 Rbd8 27.
Bd3 h6 28. Qh5 Qe6 29. Qg6 Qg8 30. Qg4 Re3 31. h3 Qd5 32. Bf5 Qc4 33. Rf4 Qf7
34. Bg6 Qd7 35. Bf5 Qf7 36. Bg6 Qd5 37. h4 Kg8 38. Kh2 Kf8 39. Bh7 Qd7 40. Bf5
Qxa4 41. d5 Qe8 42. Be6 Rd6 43. Rc4 c6 44. Qf4 Rdxe6 45. dxe6 Qxe6 46. Qb8+ Kf7
47. Qc7+ Kg6 48. Rxc6 Qg4 49. Rc4 Qh5 50. Qf4 Qe5 51. Qxe5 fxe5 52. Kg1 Kf5 53.
Kf2 Re4 54. Rxc3 Rxh4 55. Rc7 Rf4+ 56. Ke3 Rg4 57. Kf3 h5 58. c4 e4+ 59. Kf2
e3+ 60. Kf3 e2 61. Rc5+ Kg6 62. Re5 Rxc4 63. Rxe2 Kf5 64. g3 Rc3+ 65. Kg2 g5
66. Ra2 Rc4 67. Ra5+ Kg4 68. Ra2 Re4 69. Rb2 1/2-1/2

[Event "2nd Edmonton International"]
[Site "Edmonton"]
[Date "2007.08.04"]
[Round "4"]
[White "Li, Zhichao"]
[Black "Khachiyan, Melikset"]
[Result "0-1"]
[ECO "D94"]
[WhiteElo "2143"]
[BlackElo "2490"]
[PlyCount "100"]
[EventDate "2007.08.02"]
[EventType "tourn"]
[EventRounds "9"]
[EventCountry "CAN"]
[TimeControl "6600+30"]

1. d4 Nf6 2. c4 c6 3. Nf3 d5 4. e3 g6 5. Nc3 Bg7 6. Bd3 O-O 7. O-O Bf5 8. Bxf5
gxf5 9. Qb3 Qb6 10. Qxb6 axb6 11. cxd5 Nxd5 12. Nxd5 cxd5 13. Bd2 Nc6 14. Rfc1
Ra4 15. Kf1 Rfa8 16. a3 e6 17. Bc3 b5 18. Rab1 Bf8 19. Ne1 f6 20. Nd3 Kf7 21.
Ke2 Bd6 22. Bd2 Rc4 23. g3 e5 24. dxe5 fxe5 25. Bb4 Nxb4 26. Nxb4 Bxb4 27. axb4
Ra2 28. Kf3 Ke6 29. Rc3 Rxb4 30. b3 e4+ 31. Kg2 d4 32. exd4 Rxd4 33. Kg1 Rdd2
34. Rf1 Rdc2 35. Rxc2 Rxc2 36. Ra1 Kd5 37. Ra8 Kd4 38. Rf8 Rc5 39. Rh8 Rc7 40.
Rf8 Kc3 41. b4 Kxb4 42. Rxf5 Ka4 43. Re5 b4 44. Rxe4 Ka3 45. f4 b3 46. Re5 b2
47. Rb5 Rc4 48. Rxb2 Kxb2 49. f5 Kc3 50. f6 Rc6 0-1

[Event "2nd Edmonton International"]
[Site "Edmonton"]
[Date "2007.08.04"]
[Round "4"]
[White "Yanayt, Eugene"]
[Black "Donaldson, John"]
[Result "1/2-1/2"]
[ECO "B36"]
[WhiteElo "2335"]
[BlackElo "2413"]
[PlyCount "88"]
[EventDate "2007.08.02"]
[EventType "tourn"]
[EventRounds "9"]
[EventCountry "CAN"]
[TimeControl "6600+30"]

1. e4 c5 2. Nf3 g6 3. d4 cxd4 4. Nxd4 Nc6 5. c4 Nf6 6. Nc3 d6 7. Be2 Nxd4 8.
Qxd4 Bg7 9. Be3 O-O 10. Qd2 Be6 11. f3 Qa5 12. Rc1 Rfc8 13. b3 a6 14. Na4 Qxd2+
15. Kxd2 Nd7 16. g4 f5 17. exf5 gxf5 18. h3 Rf8 19. f4 Rad8 20. Bf3 fxg4 21.
hxg4 d5 22. Ke2 dxc4 23. bxc4 b5 24. cxb5 axb5 25. Nc5 Nxc5 26. Rxc5 Bxa2 27.
Be4 h6 28. g5 Bc4+ 29. Kf3 Rc8 30. gxh6 Bf6 31. Rd1 Rxc5 32. Bxc5 Rc8 33. Bb4
Bb3 34. Rd7 Bc2 35. Bxc2 Rxc2 36. Bxe7 Bxe7 37. Rxe7 Rc6 38. h7+ Kh8 39. Rb7
Rh6 40. Rxb5 Kxh7 41. Rb7+ Kg8 42. Kg4 Kf8 43. Kf5 Rc6 44. Rd7 Ra6 1/2-1/2

[Event "2nd Edmonton International"]
[Site "Edmonton"]
[Date "2007.08.04"]
[Round "5"]
[White "Bachmann, Axel"]
[Black "Yanayt, Eugene"]
[Result "1-0"]
[ECO "B53"]
[WhiteElo "2466"]
[BlackElo "2335"]
[PlyCount "77"]
[EventDate "2007.08.02"]
[EventType "tourn"]
[EventRounds "9"]
[EventCountry "CAN"]
[TimeControl "6600+30"]

1. e4 c5 2. Nc3 d6 3. Nf3 Nf6 4. d4 cxd4 5. Qxd4 Nc6 6. Bb5 Bd7 7. Bxc6 Bxc6 8.
Bg5 e6 9. O-O-O Be7 10. Qd3 Qa5 11. Kb1 h6 12. Bc1 O-O 13. Nd4 Rfc8 14. f4 b5
15. e5 dxe5 16. fxe5 Ng4 17. Nxc6 Rxc6 18. Qe4 Rac8 19. Qxg4 b4 20. Bxh6 Qxe5
21. Rhe1 Qf6 22. Bf4 bxc3 23. Be5 Qh6 24. Bxc3 Rxc3 25. bxc3 Bf6 26. Rd3 Bxc3
27. Ree3 Rb8+ 28. Kc1 Rb4 29. Qh3 Rh4 30. Rd8+ Kh7 31. Qxh4 Qxh4 32. Rh3 Qxh3
33. gxh3 f5 34. Rd3 Be5 35. c4 Bf4+ 36. Kd1 e5 37. c5 e4 38. Rd5 Kg6 39. c6 1-0

[Event "2nd Edmonton International"]
[Site "Edmonton"]
[Date "2007.08.04"]
[Round "5"]
[White "Donaldson, John"]
[Black "Li, Zhichao"]
[Result "1-0"]
[ECO "A11"]
[WhiteElo "2413"]
[BlackElo "2143"]
[PlyCount "55"]
[EventDate "2007.08.02"]
[EventType "tourn"]
[EventRounds "9"]
[EventCountry "CAN"]
[TimeControl "6600+30"]

1. Nf3 d5 2. g3 Nf6 3. Bg2 c6 4. c4 Bf5 5. cxd5 cxd5 6. Qb3 Qc8 7. Nc3 e6 8.
O-O Nc6 9. d3 Be7 10. Bf4 O-O 11. Rac1 Qd7 12. e4 dxe4 13. dxe4 Nxe4 14. Nxe4
Bxe4 15. Ne5 Nxe5 16. Bxe4 Nc6 17. Rfd1 Qc8 18. Qa4 Rd8 19. Rxd8+ Qxd8 20. Bxc6
bxc6 21. Qxc6 a5 22. b3 Ba3 23. Rc4 Qd1+ 24. Kg2 Rd8 25. Bg5 Rd7 26. Qa8+ Bf8
27. Qxf8+ Kxf8 28. Rc8+ 1-0

[Event "2nd Edmonton International"]
[Site "Edmonton"]
[Date "2007.08.04"]
[Round "5"]
[White "Haessel, Dale"]
[Black "Aveskulov, Valeriy"]
[Result "0-1"]
[ECO "A59"]
[WhiteElo "2136"]
[BlackElo "2539"]
[PlyCount "112"]
[EventDate "2007.08.02"]
[EventType "tourn"]
[EventRounds "9"]
[EventCountry "CAN"]
[TimeControl "6600+30"]

1. d4 Nf6 2. c4 c5 3. d5 b5 4. cxb5 a6 5. bxa6 g6 6. Nc3 Bxa6 7. e4 Bxf1 8.
Kxf1 d6 9. Nf3 Bg7 10. g3 Nbd7 11. Kg2 O-O 12. Re1 Qa5 13. e5 Ng4 14. exd6 exd6
15. Bf4 Rfb8 16. Re2 Qa6 17. Rc1 Nge5 18. Nxe5 Nxe5 19. Bxe5 Bxe5 20. b3 Rb4
21. Rd2 Qb7 22. Rcc2 f5 23. Ne2 Ra3 24. Ng1 Kg7 25. Nf3 Bf6 26. h4 h6 27. Rc4
g5 28. Qc2 Rxc4 29. Qxc4 Qb4 30. Rc2 Qxc4 31. bxc4 g4 32. Nh2 Bd4 33. f4 Kf7
34. Nf1 h5 35. Nd2 Re3 36. Nb3 Bc3 37. Nc1 Be1 38. Ne2 Ke7 39. Rb2 Kd7 40. Kh2
Kc7 41. Kg2 Bc3 42. Rc2 Bb4 43. Rb2 Kb6 44. Nc1 Ka5 45. Rb3 Re1 46. Nd3 Re2+
47. Kf1 Rxa2 48. Nb2 Ra1+ 49. Kf2 Rb1 50. Kg2 Rc1 51. Kf2 Rc2+ 52. Kf1 Rc3 53.
Rxc3 Bxc3 54. Nd3 Ka4 55. Ke2 Kb3 56. Ne5 dxe5 0-1

[Event "2nd Edmonton International"]
[Site "Edmonton"]
[Date "2007.08.04"]
[Round "5"]
[White "Khachiyan, Melikset"]
[Black "Reeve, Jeff"]
[Result "1-0"]
[ECO "B78"]
[WhiteElo "2490"]
[BlackElo "2205"]
[PlyCount "65"]
[EventDate "2007.08.02"]
[EventType "tourn"]
[EventRounds "9"]
[EventCountry "CAN"]
[TimeControl "6600+30"]

1. e4 c5 2. Nf3 d6 3. d4 cxd4 4. Nxd4 Nf6 5. Nc3 g6 6. Be3 Bg7 7. f3 Nc6 8. Qd2
O-O 9. Bc4 Bd7 10. O-O-O Rc8 11. Bb3 Nxd4 12. Bxd4 b5 13. Nd5 Nxd5 14. exd5 a5
15. Bxg7 Kxg7 16. a3 Rc5 17. h4 h6 18. Rhe1 Re8 19. Re3 Qc7 20. Rde1 a4 21. Ba2
Bf5 22. c3 g5 23. hxg5 hxg5 24. Rh1 Qb7 25. f4 Rg8 26. g4 gxf4 27. Qh2 Kf8 28.
Qh6+ Ke8 29. Qxf4 Be6 30. Rh5 Bxd5 31. Bxd5 Rxd5 32. Qe4 e5 33. Rd3 1-0

[Event "2nd Edmonton International"]
[Site "Edmonton"]
[Date "2007.08.04"]
[Round "5"]
[White "Kraai, Jesse"]
[Black "Huber, Greg"]
[Result "1-0"]
[ECO "A30"]
[WhiteElo "2525"]
[BlackElo "2211"]
[PlyCount "93"]
[EventDate "2007.08.02"]
[EventType "tourn"]
[EventRounds "9"]
[EventCountry "CAN"]
[TimeControl "6600+30"]

1. Nf3 c5 2. c4 Nf6 3. Nc3 e6 4. g3 b6 5. Bg2 Bb7 6. O-O a6 7. e3 Qc7 8. d4 d6
9. d5 exd5 10. cxd5 Nbd7 11. e4 Be7 12. Nh4 g6 13. f4 O-O-O 14. Nf3 Ne8 15. Be3
Ng7 16. Rc1 f5 17. exf5 Nxf5 18. Bf2 h5 19. Re1 Rhe8 20. b4 Kb8 21. h3 Bf8 22.
Ng5 Ng7 23. Nce4 Be7 24. Qd3 Bxg5 25. Nxg5 Nf8 26. Rxe8 Rxe8 27. a4 a5 28. bxa5
bxa5 29. Ne4 Nd7 30. Nc3 Nf5 31. Nb5 Qb6 32. Rb1 Ba6 33. Qd1 Ka8 34. Nd4 Qc7
35. Ne6 Qa7 36. Qd2 Bc4 37. Qc3 Nb6 38. Rxb6 Qxb6 39. Qxc4 Kb8 40. Be4 Re7 41.
Qc3 Qb4 42. Qh8+ Ka7 43. Bxf5 gxf5 44. Qd8 Rb7 45. Qxd6 Qb1+ 46. Kh2 Qc2 47.
Qxc5+ 1-0

[Event "2nd Edmonton International"]
[Site "Edmonton"]
[Date "2007.08.05"]
[Round "6"]
[White "Aveskulov, Valeriy"]
[Black "Kraai, Jesse"]
[Result "1/2-1/2"]
[ECO "C11"]
[WhiteElo "2539"]
[BlackElo "2525"]
[PlyCount "58"]
[EventDate "2007.08.02"]
[EventType "tourn"]
[EventRounds "9"]
[EventCountry "CAN"]
[TimeControl "6600+30"]

1. e4 e6 2. d4 d5 3. Nc3 Nf6 4. e5 Nfd7 5. f4 c5 6. Nf3 Nc6 7. Be3 cxd4 8. Nxd4
Bc5 9. Qd2 O-O 10. O-O-O a6 11. Nb3 b6 12. h4 Bb7 13. Rh3 Qe7 14. h5 Rad8 15.
Nd4 Bxd4 16. Bxd4 Nc5 17. Qe1 Nxd4 18. Rxd4 f5 19. Bd3 b5 20. Nd1 Rd7 21. Qe2
b4 22. Ne3 a5 23. g4 fxg4 24. Nxg4 b3 25. Kb1 Nxd3 26. Qxd3 bxc2+ 27. Qxc2 Rc7
28. Qd2 Rfc8 29. Ne3 h6 1/2-1/2